Map: Incorporeal LE

Players

KoszMarek - Winner!

  • Race: Terran Terran
  • League: Master
  • Spawn Location: 11:00

Manicz

  • Race: Zerg Zerg
  • League: Gold
  • Spawn Location: 5:00

VOD

Have the link to the VOD?

Description

Time

  • Played on: May 10, 2025, 9:17 a.m.
  • Length: 21:38
Show
View Real Time Build Order
Export as new Build Order

KoszMarek Terran - Winner!

Build Orders:  

Get SALT Encoding   

  12  0:00  SCV  
  13  0:12  SCV  
  14  0:17  Supply Depot  
  14  0:24  SCV  
  15  0:28  Refinery  
  15  0:38  SCV  
  16  0:46  Barracks  
  16  0:51  SCV  
  17  1:03  SCV  
  18  1:15  SCV  
  19  1:27  SCV  
  20  1:33  Reaper  
  20  1:35  Supply Depot  
  21  1:44  Orbital Command  
  21  1:55  Refinery  
  21  2:00  Command Center  
  21  2:06  Marine  
  22  2:15  Factory  
  22  2:20  SCV  
  23  2:32  SCV  
  23  2:33  Barracks Reactor  
  25  2:44  SCV  
  25  2:56  SCV  
  24  3:08  Starport, SCV  
  25  3:20  SCV  
  25  3:22  Barracks Tech Lab  
  25  3:25  Supply Depot x2  
  26  3:32  SCV  
  27  3:38  Hellion  
  27  3:39  Hellion  
  30  3:44  SCV  
  31  3:52  Barracks  
  31  3:53  Marine  
  31  3:55  Stimpack  
  32  3:56  SCV  
  33  4:11  Marine  
  33  4:16  Hellion x2  
  38  4:19  SCV x2  
  38  4:21  Liberator  
  43  4:26  Barracks  
  43  4:28  Supply Depot  
  43  4:31  SCV  
  43  4:37  Orbital Command  
  44  4:44  SCV  
  45  4:54  Supply Depot  
  45  4:56  SCV  
  45  4:58  Marine  
  47  5:08  SCV  
  48  5:16  Factory Tech Lab  
  48  5:20  SCV  
  43  5:34  Combat Shield  
  37  5:38  Siege Tank  
  37  5:40  Liberator  
  42  5:43  Marine x2  
  42  5:44  Marine  
  42  5:46  Barracks Reactor  
  45  6:02  Marine, SCV  
  47  6:11  Orbital Command  
  47  6:14  SCV  
  48  6:20  Marine  
  42  6:26  SCV  
  43  6:38  Orbital Command, SCV  
  44  6:40  Refinery  
  44  6:43  Refinery  
  40  6:51  SCV  
  41  7:03  SCV  
  42  7:13  Command Center  
  42  7:14  Engineering Bay  
  42  7:15  SCV  
  43  7:16  SCV, Engineering Bay  
  44  7:25  Supply Depot  
  44  7:27  SCV  
  44  7:28  SCV  
  46  7:34  Supply Depot  
  46  7:39  SCV  
  46  7:40  SCV  
  46  7:44  Marine x4  
  49  7:45  Marine  
  49  7:48  Widow Mine  
  49  7:49  Starport Reactor  
  55  7:51  SCV  
  55  7:52  Terran Infantry Armor Level 1, SCV, Terran Infantry Weapons Level 1  
  57  8:01  Marine x2  
  57  8:02  Marine x3, Supply Depot  
  57  8:03  SCV  
  63  8:10  Widow Mine  
  65  8:25  Supply Depot  
  65  8:30  Starport  
  65  8:34  Armory  
  65  8:37  Marine x4, Fusion Core  
  65  8:38  Marine  
  65  8:39  Siege Tank  
  73  8:42  Liberator  
  73  8:44  Medivac  
  73  8:47  Supply Depot  
  78  9:06  Refinery  
  78  9:11  Siege Tank  
  78  9:14  Medivac  
  83  9:17  Planetary Fortress  
  81  9:25  Liberator  
  78  9:39  Refinery  
  78  9:42  SCV x2  
  80  9:54  SCV x3  
  83  10:01  Command Center  
  83  10:02  Starport Tech Lab  
  83  10:06  SCV x3  
  86  10:13  Missile Turret  
  86  10:18  SCV x3  
  86  10:19  Advanced Ballistics  
  89  10:22  Terran Vehicle And Ship Armor Level 1  
  89  10:25  Battlecruiser  
  95  10:29  Concussive Shells  
  95  10:30  Marine x4, SCV x3  
  95  10:31  Marauder  
  104  10:42  SCV x2  
  106  10:43  SCV  
  106  10:48  Marine x4  
  111  10:52  Marauder  
  113  11:06  Marine  
  113  11:08  Marine x3  
  113  11:11  Siege Tank  
  120  11:13  Marauder  
  98  11:23  Marine  
  96  11:26  Marine x2  
  96  11:30  Marine  
  97  11:35  Marauder  
  99  11:41  Marine  
  99  11:43  Siege Tank  
  99  11:44  Marine x2  
  105  11:47  Marine  
  106  11:56  Marauder  
  106  11:59  Marine  
  109  12:02  Marine x2  
  109  12:05  Marine  
  107  12:11  SCV x2  
  104  12:17  Marine, Marauder  
  104  12:19  Marine  
  104  12:20  Marine  
  109  12:23  Marine, SCV x2  
  112  12:35  Marine, Siege Tank  
  112  12:37  Medivac x2, Marine x2  
  118  12:38  Liberator  
  118  12:39  Marauder  
  118  12:41  Marine  
  118  12:42  Terran Infantry Armor Level 2, Terran Infantry Weapons Level 2  
  128  12:49  Planetary Fortress  
  128  12:52  Marine, SCV x2  
  128  12:55  Marine  
  132  13:00  Marine  
  133  13:05  Supply Depot  
  133  13:14  Command Center  
  133  13:27  Medivac x2, Liberator, SCV  
  133  13:28  Supply Depot  
  141  13:49  Marine x5  
  141  13:50  SCV x3  
  141  13:53  Supply Depot  
  149  14:14  Marine x4, SCV x3  
  149  14:17  Supply Depot  
  156  14:18  Supply Depot  
  156  14:20  Supply Depot  
  156  14:26  Siege Tank, SCV x3  
  150  14:38  SCV  
  150  14:43  Supply Depot  
  150  15:07  Supply Depot  
  146  15:20  SCV x2  
  146  15:21  SCV  
  149  15:30  Supply Depot  
  149  15:32  SCV  
  149  15:33  SCV  
  143  15:43  Marine x5  
  143  15:45  Siege Tank  
  143  15:46  Liberator  
  143  15:47  Medivac, Liberator  
  143  15:48  Refinery, Command Center  
  143  15:49  Refinery  
  159  16:01  Marine x2  
  160  16:04  Refinery, Command Center  
  160  16:05  Supply Depot  
  160  16:07  Supply Depot  
  160  16:08  Supply Depot  
  160  16:09  Refinery  
  158  16:17  Siege Tank  
  163  16:29  Medivac x2  
  167  16:37  Caduceus Reactor  
  167  16:41  Raven  
  167  16:53  Marine  
  171  16:54  Siege Tank, Command Center  
  171  16:55  Refinery x2  
  171  17:13  Factory  
  173  17:15  Raven  
  173  17:34  Weapon Refit  
  173  17:50  Raven  
  174  18:02  Marine x4  
  174  18:03  Marine  
  174  18:05  Factory Tech Lab  
  175  18:20  Marine x2  
  175  18:21  Marauder  
  171  18:32  Orbital Command  
  171  18:34  Orbital Command  
  171  18:42  Marauder  
Show
View Real Time Build Order
Export as new Build Order

Manicz Zerg 

Build Orders: Hatch First, Lurkers 

Get SALT Encoding   

  12  0:03  Drone  
  13  0:08  Drone  
  14  0:18  Extractor  
  14  0:21  Drone x2, Extractor  
  16  0:46  Hatchery  
  16  0:48  Overlord  
  15  1:06  Spawning Pool  
  15  1:07  Drone  
  15  1:10  Extractor  
  15  1:11  Drone  
  15  1:15  Drone  
  16  1:21  Drone  
  17  1:28  Drone  
  18  1:41  Drone  
  19  1:53  Drone  
  20  1:55  Queen  
  20  1:58  Overlord  
  20  2:01  Queen  
  22  2:05  Zergling x2  
  25  2:09  Zergling x2  
  25  2:11  Drone  
  27  2:26  Drone  
  27  2:27  Drone  
  29  2:30  Metabolic Boost  
  29  2:36  Zergling x4  
  31  2:43  Overlord  
  29  3:12  Drone x4  
  33  3:13  Drone x4  
  38  3:20  Drone x4  
  41  3:40  Drone x3  
  44  3:42  Overlord x4  
  44  3:58  Baneling Nest, Overlord  
  44  4:00  Drone x3  
  44  4:16  Zergling x12  
  50  4:20  Hatchery  
  50  4:21  Lair  
  50  4:22  Queen  
  51  4:24  Drone x3  
  51  4:25  Drone  
  55  4:38  Spine Crawler  
  54  4:40  Spine Crawler  
  54  4:43  Spine Crawler  
  54  4:45  Spine Crawler  
  51  4:46  Spore Crawler, Drone  
  51  4:47  Drone x3  
  51  4:52  Zergling x6  
  57  4:56  Overlord  
  57  5:21  Zergling x10  
  60  5:46  Drone x4  
  60  5:47  Drone x2  
  67  5:52  Hydralisk Den  
  67  5:54  Extractor  
  62  6:04  Extractor  
  59  6:05  Baneling x6  
  59  6:06  Baneling x6  
  58  6:14  Queen x2  
  61  6:21  Spore Crawler  
  54  6:30  Zergling x14  
  55  6:48  Extractor  
  55  6:50  Muscular Augments  
  54  7:00  Queen x2  
  58  7:04  Drone  
  58  7:05  Drone x7  
  66  7:18  Spore Crawler  
  66  7:20  Spore Crawler, Drone x3  
  66  7:22  Overlord  
  67  7:35  Queen  
  69  7:39  Zergling x12  
  69  7:43  Centrifugal Hooks  
  75  7:47  Drone x2  
  75  7:48  Drone x7  
  84  7:52  Drone  
  84  7:56  Drone x2  
  87  8:16  Burrow  
  87  8:26  Zergling x12  
  87  8:27  Zergling x12  
  99  8:39  Pneumatized Carapace  
  99  8:57  Zergling x2  
  99  8:58  Zergling x12  
  99  9:01  Overlord  
  99  9:02  Overlord x7  
  106  9:07  Hatchery  
  101  9:35  Zergling x2  
  101  9:36  Zergling x20  
  97  9:44  Baneling  
  97  9:45  Baneling x25  
  97  9:52  Extractor  
  96  9:53  Extractor  
  96  9:54  Spore Crawler  
  96  9:59  Spore Crawler  
  93  10:02  Hatchery  
  93  10:04  Hatchery  
  91  10:07  Grooved Spines  
  91  10:08  Hatchery  
  91  10:09  Hatchery  
  91  10:13  Zergling x32  
  105  10:15  Lurker Den  
  104  10:27  Drone x5  
  104  10:28  Drone x3  
  112  10:35  Hydralisk  
  112  10:36  Hydralisk x4  
  122  10:45  Baneling x15  
  122  10:47  Baneling  
  82  11:42  Hatchery  
  82  11:46  Hatchery  
  79  11:50  Zergling x16  
  79  11:51  Zergling x40  
  79  11:52  Hatchery  
  79  11:54  Hatchery  
  103  12:06  Drone x6  
  103  12:26  Zergling x4  
  103  12:27  Hydralisk x4, Zergling x6  
  113  12:34  Hatchery  
  113  12:36  Drone  
  113  12:37  Drone  
  108  12:39  Spire  
  103  12:48  Spire  
  102  13:01  Hydralisk  
  102  13:02  Hydralisk x7  
  118  13:11  Drone x3  
  118  13:12  Drone x2  
  123  13:25  Extractor  
  123  13:26  Overlord x3  
  122  13:28  Hydralisk  
  124  13:54  Hydralisk  
  126  13:57  Hydralisk  
  126  13:58  Hydralisk x8  
  116  14:42  Lurker x9  
  116  14:44  Zergling x2  
  116  14:45  Zergling x44  
  142  14:51  Zergling x6  
  93  15:15  Baneling x8  
  90  15:24  Zergling x10  
  90  15:26  Drone  
  80  16:03  Drone x13  
  81  16:24  Hatchery  
  71  16:31  Zergling x10  
  71  16:32  Zergling x2  
  76  16:47  Zergling x4  
  76  16:48  Zergling x16  
  76  16:49  Zergling x2  
  87  16:58  Extractor  
  86  17:02  Drone x3, Extractor  
  86  17:03  Drone x4  
  86  17:04  Extractor  
  86  17:07  Extractor  
  90  17:19  Hydralisk x5  
  99  17:30  Baneling x15  
  99  17:31  Baneling  
  82  17:41  Zergling x8  
  82  17:42  Zergling x2  
  76  18:10  Zergling x16  
  76  18:11  Zergling x16  
  76  18:12  Zergling x2  
  81  18:28  Zergling x12  
  81  18:34  Baneling x4  
  82  18:35  Baneling  
  58  18:59  Zergling x10  
  58  19:00  Zergling x2  
Tags
 
Composition
Lurkers
Matchup
TvZ
Spawn Locations
Cross Positions
Add a new tag
Caveats
  • Supply blocks, unpowered buildings, or Contaminate may cause inaccurate times.
  • Supply counts are checked every 10 seconds.